 Dungeon Crawl Stone Soup version 0.30.1-8-g117510f58f (webtiles) character file.

Game seed: 8250895087022460064

18393 monsoonserge the Cleaver (level 12, -31/107 HPs)
             Began as a Hill Orc Fighter on Sept 22, 2023.
             Was a High Priest of Makhleb.
             Annihilated by a titanic slime creature (74 damage)
             ... on level 12 of the Dungeon.
             The game lasted 00:32:40 (9747 turns).

monsoonserge the Cleaver (Hill Orc Fighter)         Turns: 9747, Time: 00:32:40

Health: -31/107    AC:  9    Str: 24    XL:     12   Next: 58%
Magic:  20/20      EV: 11    Int:  8    God:    Makhleb [*****.]
Gold:   805        SH: 16    Dex: 14    Spells: 11/11 levels left

rFire   . . .        u - +11 hand axe "Biziddud" {heavy, rN+ Dex+4}
rCold   . . .        V - +0 kite shield
rNeg    + . .        S - +0 acid dragon scales
rPois   .            I - +0 helmet
rElec   .            g - scarf {repulsion}
rCorr   +            (no gloves)
SInv    .            (no boots)
Will    ++...        A - amulet of reflection
Stlth   ++           F - ring of willpower
HPRegen 0.37/turn    D - ring of willpower
MPRegen 0.17/turn

%: repel missiles, reflection
@: no status effects
A: no striking features
a: Renounce Religion, Minor Destruction, Lesser Servant of Makhleb, Major
Destruction, Greater Servant of Makhleb


You were on level 12 of the Dungeon.
You worshipped Makhleb.
Makhleb was extremely pleased with you.
You visited 2 branches of the dungeon, and saw 13 of its levels.
You also visited: Bailey.

You collected 967 gold pieces.
You spent 162 gold pieces at shops.

Inventory:

Hand Weapons
 u - the +11 hand axe "Biziddud" (weapon) {heavy, rN+ Dex+4}
   (You found it on level 3 of the Dungeon)

   Dex:       It affects your dexterity (+4).
   rN:        It protects you from negative energy.
Missiles
 k - 4 javelins
 p - 3 poisoned darts
 w - a throwing net
 y - 29 boomerangs (quivered)
Armour
 g - a scarf of repulsion (worn)
 I - a +0 helmet (worn)
 S - +0 acid dragon scales (worn)
 V - a +0 kite shield (worn)
Jewellery
 c - a ring of see invisible
 A - an amulet of reflection (around neck)
 C - a ring of positive energy
 D - a ring of willpower (right hand)
 F - a ring of willpower (left hand)
 N - a ring of flight
 W - a ring of willpower
Wands
 l - a wand of polymorph (9)
 o - a wand of quicksilver (13)
 G - a wand of flame (37)
 M - a wand of digging (10)
 T - a wand of charming (23)
 X - a wand of mindburst (4)
Scrolls
 a - 2 scrolls of amnesia {unknown}
 b - a scroll of magic mapping {unknown}
 f - a scroll of silence {unknown}
 h - 2 scrolls of fog {unknown}
 i - 5 scrolls of fear {unknown}
 j - 2 scrolls of enchant armour {unknown}
 r - 3 scrolls of enchant weapon
 x - 4 scrolls of blinking
 B - 2 scrolls of immolation {unknown}
 H - 3 scrolls of teleportation
 L - a scroll of acquirement {unknown}
 R - a scroll of poison {unknown}
Potions
 d - 5 potions of might
 e - 4 potions of mutation
 m - 5 potions of flight
 n - 4 potions of heal wounds
 q - 3 potions of curing
 s - a potion of invisibility {unknown}
 t - 2 potions of attraction
 v - 4 potions of degeneration {unknown}
 z - 2 potions of berserk rage
 E - a potion of resistance {unknown}
 J - 3 potions of brilliance
 K - 3 potions of cancellation
 Q - a potion of ambrosia {unknown}
 U - 2 potions of magic {unknown}
 Y - a potion of lignification {unknown}
Miscellaneous
 O - a piece from Xom's chessboard (15/15)
 P - a condenser vane


   Skills:
 + Level 10.3 Fighting
 + Level 14.4 Axes
 - Level 0.2(7.7) Maces & Flails
 + Level 2.6 Throwing
 + Level 8.4 Armour
 - Level 3.0 Dodging
 + Level 1.8 Stealth
 + Level 9.7 Shields
 * Level 10.8 Invocations
 + Level 4.0 Evocations


You had 11 spell levels left.
You didn't know any spells.
Your spell library contained the following spells:

 Spells                   Type           Power      Damage    Failure   Level
 Ensorcelled Hibernation  Hex/Ice        0%         N/A       80%         2
 Passwall                 Tmut/Erth      0%         N/A       80%         2
 Swiftness                Air            0%         N/A       95%         3


Dungeon Overview and Level Annotations

Branches:
Dungeon (12/15)            Temple (1/1) D:4            Lair (0/5) D:9
    Orc (0/2) D:10         Bailey (visited)

Altars:
Ashenzari
Cheibriados
Dithmenos
Elyvilon
Fedhas
Gozag
Hepliaklqana
Kikubaaqudgha
Makhleb
Nemelex Xobeh
Okawaru
Qazlal
Ru
Sif Muna
Trog
Uskayaw
Vehumet
Wu Jian
Xom
Yredelemnul
Zin
The Shining One

Shops:
D:7 ?   D:10 ?   D:11 !


Message History

You barely miss the slime creature.
The slime creature is moderately wounded.
You block the slime creature's attack.
Two slime creatures merge to form a large slime creature.
The slime creature quivers.
You slice the large slime creature!!
The large slime creature is heavily wounded.
You slice the large slime creature!!
The large slime creature is severely wounded.
Two slime creatures merge to form an enormous slime creature.
You slash the enormous slime creature!
The enormous slime creature is heavily wounded.
You barely miss the enormous slime creature.
The enormous slime creature is heavily wounded.
An enormous slime creature splits.
You slice the large slime creature!!
The large slime creature is heavily wounded.
You slash the large slime creature! The large slime creature hits you!!
The large slime creature barely misses you.
You slash the large slime creature!
The large slime creature is severely wounded.
You slash the large slime creature!
You block the large slime creature's attack.
Two slime creatures merge to form a very large slime creature.
The large slime creature hits you!!
There is an open door here.
You slice the large slime creature!!
The large slime creature is almost dead.
You block the large slime creature's attack.
You barely miss the large slime creature.
The large slime creature is almost dead.
Two slime creatures merge to form a titanic slime creature.
You slash the titanic slime creature!
The titanic slime creature is severely wounded.
You block the titanic slime creature's attack.
You barely miss the titanic slime creature.
The titanic slime creature is severely wounded.
The titanic slime creature hits you!!!!
Ouch! That really hurt!
You die...

......J<.......
.#..........$..
#............. ##
#...#########.
...#... ###
#...>.. ...
#....#. ########.#
#......##........#
#......J@........#
#..######.......##
.....[...#<.....#
....####.######.#
. .... ...###
#...# #...# #...#


You could see a titanic slime creature.

Vanquished Creatures
  Jorgrun (D:11)
  A boulder beetle (D:10)
  9 two-headed ogres
  A cyclops (D:11)
  Maggie (D:8)
  2 trolls
  2 hornets
  2 shadows
  A wraith (D:10)
  17 yaks
  4 wyverns
  A basilisk (D:8)
  A steam dragon (D:6)
  3 vampire mosquitoes (D:11)
  2 wargs (D:10)
  2 acid dragons
  Menkaure (D:7)
  4 water moccasins
  2 ice beasts
  3 black bears
  A sky beast (D:7)
  12 orc warriors
  3 ogres
  4 centaurs
  A phantom (D:5)
  3 bullfrogs
  A gnoll sergeant (D:9)
  3 scorpions
  7 wights
  5 killer bees (D:7)
  5 howler monkeys
  A hound (D:5)
  7 orc priests
  3 jellies
  A sleepcap (D:7)
  Crazy Yiuf (D:2)
  Jessica (D:3)
  7 iguanas
  12 orc wizards
  12 adders
  5 gnolls (D:9)
  3 white imps (D:7)
  2 ufetubi
  5 worms
  A dart slug (D:1)
  50 orcs
  7 endoplasms
  2 giant cockroaches
  13 goblins
  6 hobgoblins
  18 kobolds
  5 quokkas
  8 ball pythons
  4 bats
  3 frilled lizards
  7 rats
289 creatures vanquished.

Notes
Turn   | Place    | Note
-------+----------+-------------------------------------------
     0 | D:1      | monsoonserge the Hill Orc Fighter began the quest for the
                  | Orb.
     0 | D:1      | Reached XP level 1. HP: 19/19 MP: 1/1
    60 | D:1      | Found a faded altar of an unknown god.
    68 | D:1      | Reached XP level 2. HP: 24/27 MP: 2/2
   312 | D:1      | Reached skill level 3 in Axes
   823 | D:1      | Reached XP level 3. HP: 33/33 MP: 3/3
  1015 | D:2      | Reached skill level 4 in Axes
  1017 | D:2      | Reached XP level 4. HP: 39/40 MP: 4/4
  1140 | D:2      | Found a runed translucent door.
  1141 | D:2      | Noticed Crazy Yiuf
  1198 | D:2      | Killed Crazy Yiuf
  1517 | D:2      | Found a hide-covered altar of Uskayaw.
  1591 | D:3      | Identified the +11 hand axe "Biziddud" {heavy, rN+ Dex+4}
  1600 | D:3      | Reached skill level 5 in Axes
  1600 | D:3      | Reached XP level 5. HP: 46/46 MP: 5/5
  1626 | D:3      | Found a shimmering blue altar of Sif Muna.
  1952 | D:3      | Noticed Jessica
  1964 | D:3      | Killed Jessica
  2072 | D:3      | Found a broken altar of Ashenzari.
  2200 | D:4      | Found a staircase to the Ecumenical Temple.
  2220 | Temple   | Entered the Ecumenical Temple
  2286 | Temple   | Became a worshipper of Makhleb the Destroyer
  2320 | D:4      | Reached XP level 6. HP: 47/53 MP: 6/6
  2449 | D:4      | Reached skill level 6 in Axes
  2912 | D:4      | Reached skill level 5 in Armour
  2977 | D:5      | Entered Level 5 of the Dungeon
  3093 | D:5      | Reached skill level 5 in Fighting
  3093 | D:5      | Reached XP level 7. HP: 61/61 MP: 7/7
  3095 | D:5      | Reached * piety under Makhleb
  3096 | D:5      | Reached skill level 7 in Axes
  3374 | D:5      | Reached skill level 8 in Axes
  3511 | D:5      | Reached XP level 8. HP: 51/70 MP: 8/8
  3940 | D:6      | Reached skill level 9 in Axes
  4024 | D:6      | Reached skill level 5 in Shields
  4066 | D:6      | Found a shimmering altar of Xom.
  4660 | D:7      | Reached skill level 10 in Axes
  4660 | D:7      | Reached skill level 1 in Stealth
  4660 | D:7      | Reached XP level 9. HP: 72/78 MP: 9/9
  4667 | D:7      | Found a flagged portal.
  4698 | Bailey   | Entered a bailey
  4770 | Bailey   | Reached skill level 1 in Dodging
  4770 | Bailey   | Reached ** piety under Makhleb
  4886 | Bailey   | Reached skill level 1 in Throwing
  4897 | Bailey   | Reached skill level 11 in Axes
  5213 | D:7      | Found Esycuot's Magic Scroll Boutique.
  5217 | D:7      | Bought a scroll of teleportation for 42 gold pieces
  5217 | D:7      | Bought a scroll of blinking for 105 gold pieces
  5245 | D:7      | Reached skill level 1 in Evocations
  5253 | D:7      | Noticed Menkaure
  5261 | D:7      | Reached XP level 10. HP: 43/86 MP: 10/10
  5261 | D:7      | Killed Menkaure
  5545 | D:7      | Reached *** piety under Makhleb
  5651 | D:8      | Found a sacrificial altar of Ru.
  5729 | D:8      | Noticed a two-headed ogre
  5734 | D:8      | Noticed Maggie
  5739 | D:8      | Killed a two-headed ogre
  5740 | D:8      | Reached skill level 12 in Axes
  5740 | D:8      | Reached skill level 1 in Invocations
  5751 | D:8      | Killed Maggie
  6184 | D:9      | Paralysed by a hornet for 3 turns
  6359 | D:9      | Reached XP level 11. HP: 23/95 MP: 14/14
  6586 | D:9      | Found a staircase to the Lair.
  6812 | D:9      | Reached skill level 13 in Axes
  6830 | D:9      | Found a hazy altar of Hepliaklqana.
  6855 | D:9      | Reached **** piety under Makhleb
  7173 | D:9      | Found a white marble altar of Elyvilon.
  7493 | D:10     | Entered Level 10 of the Dungeon
  7500 | D:10     | Reached skill level 5 in Invocations
  7528 | D:10     | Found an ornate altar of the Wu Jian Council.
  7762 | D:10     | Found a staircase to the Orcish Mines.
  7810 | D:10     | Noticed a two-headed ogre
  7916 | D:10     | Noticed a two-headed ogre
  7928 | D:10     | Killed a two-headed ogre
  8132 | D:10     | Found Mamitwur's Magic Scroll Boutique.
  8140 | D:10     | Killed a two-headed ogre
  8142 | D:10     | Bought a scroll of noise for 15 gold pieces
  8176 | D:10     | Noticed a two-headed ogre
  8185 | D:10     | Killed a two-headed ogre
  8461 | D:10     | Noticed a boulder beetle
  8553 | D:10     | Killed a boulder beetle
  8627 | D:10     | Found a sparkling altar of Nemelex Xobeh.
  8656 | D:10     | Upgraded the game from 0.30.1-6-gbe392663c4 to
                  | 0.30.1-8-g117510f58f
  8691 | D:11     | Noticed a two-headed ogre
  8692 | D:11     | Noticed a two-headed ogre
  8744 | D:11     | Reached skill level 14 in Axes
  8745 | D:11     | Reached XP level 12. HP: 106/106 MP: 17/17
  8761 | D:11     | Noticed a two-headed ogre
  8767 | D:11     | Killed a two-headed ogre
  8890 | D:11     | Noticed a two-headed ogre
  8894 | D:11     | Noticed a two-headed ogre
  8900 | D:11     | Killed a two-headed ogre
  8907 | D:11     | Killed a two-headed ogre
  8908 | D:11     | Reached skill level 10 in Fighting
  8920 | D:11     | Reached ***** piety under Makhleb
  8923 | D:11     | Paralysed by a hornet for 3 turns
  9168 | D:11     | Found Ukoakk Nihe's Distillery.
  9219 | D:11     | Killed a two-headed ogre
  9254 | D:11     | Killed a two-headed ogre
  9255 | D:11     | Reached skill level 10 in Invocations
  9692 | D:12     | Noticed Jorgrun
  9703 | D:11     | Killed Jorgrun
  9747 | D:12     | Annihilated by a titanic slime creature

Illustrated notes

Levels and vault maps discovered:
D:1:      minmay_arrival_plants_in_alcoves, layout_loops_corners,
          shapermc_ecumenical_altar_totnotflames
D:2:      layout_rooms, basic_altar, uniq_crazy_yiuf_cottage
D:3:      layout_basic, mainiacjoe_overflow_concentric_impassable,
          ashenzari_altar_1, uniq_jessica
D:4:      layout_loops_cross, minmay_temple_entry_slanted, nicolae_wormholes
D:5:      layout_gridville
D:6:      layout_loops_ring, marbit_many_paths
D:7:      layout_rooms, enter_bailey_5, serial_shops,
          nicolae_shop_rolling_square, nicolae_elevator_lobby_plus,
          uniq_menkaure
D:8:      layout_cave_pools, old_standard_altar, uniq_maggie
D:9:      layout_stronghold, nicolae_overflow_crystal_walls,
          mainiacjoe_overflow_surrounded_room, minmay_lair_entry_grove
D:10:     layout_gridville, mainiacjoe_overflow_alcove_1,
          nemelex_spade_bored_becter, erik_orc_4, serial_shops, shop,
          hangedman_decor_riveting
D:11:     layout_long_grid, serial_shops, nicolae_shop_behind_doors
D:12:     layout_basic, guppyfry_shop_blood, uniq_jorgrun
Temple:   nicolae_temple_ecumenical_triangle

Skill      XL: |  1  2  3  4  5  6  7  8  9 10 11 12 |
---------------+-------------------------------------+-----
Axes           | 3 4 5 6 8 10 11 12 14 | 14.4
Fighting       | 4 5 6 7 8 9 10 | 10.3
Armour         | 4 5 6 7 8 |  8.4
Shields        | 4 5 7 8 9 |  9.7
Stealth        | 1 |  1.8
Dodging        | 2 3 |  3.0
Throwing       | 1 2 |  2.6
Evocations     | 2 3 4 |  4.0
Invocations    | 4 7 10 | 10.8
Maces & Flails | |  0.2

Action                     |  1- 3 |  4- 6 |  7- 9 | 10-12 || total
---------------------------+-------+-------+-------+-------++-------
  Melee: War axe           |    74 |    30 |       |       ||   104
         Mace              |       |    18 |       |       ||    18
         Hand axe          |       |    77 |   144 |   272 ||   493
  Throw: Dart              |       |     1 |     2 |     6 ||     9
         Boomerang         |       |       |     5 |     6 ||    11
         Javelin           |       |       |       |     1 ||     1
 Invoke: Minor Destruction |       |       |       |    53 ||    53
    Use: Potion            |       |       |     1 |       ||     1
         Scroll            |       |       |       |     8 ||     8
   Stab: Sleeping          |       |       |     1 |       ||     1
 Armour: Scale mail        |    32 |    50 |     3 |       ||    85
         Chain mail        |       |       |    22 |       ||    22
         Steam dragon scal |       |       |    21 |       ||    21
         Plate armour      |       |       |    30 |    20 ||    50
         Acid dragon scale |       |       |       |    38 ||    38
  Dodge: Dodged            |    50 |    54 |    55 |    75 ||   234
  Block: Buckler           |    19 |    42 |    93 |    59 ||   213
         Reflection        |       |       |    16 |    10 ||    26
         Kite shield       |       |       |       |    99 ||    99
